 Dungeon Crawl Stone Soup version 0.19.5 (webtiles) character file.

79 Gargoyl the Skirmisher (level 4, -3/40 HPs)
             Began as a Ghoul Abyssal Knight on May 25, 2017.
             Was a Follower of Lugonu.
             Slain by Gitz's ghost (6 damage)
             ... on level 3 of the Dungeon.
             The game lasted 00:05:42 (1797 turns).

Gargoyl the Skirmisher (Ghoul Abyssal Knight)       Turns: 1797, Time: 00:05:43

Health: -3/40      AC: 10    Str: 23    XL:     4   Next: 37%
Magic:  4/4        EV: 10    Int: 12    God:    Lugonu [*.....]
Gold:   143        SH:  0    Dex:  9    Spells: 0 memorised, 3 levels left

rFire  . . .     SeeInvis .     a - +1 hand axe
rCold  + . .     Gourm    .     b - +0 scale mail
rNeg   + + +     Faith    .     (no shield)
rPois  ∞         Spirit   .     (no helmet)
rElec  .         Reflect  .     (no cloak)
rCorr  .         Harm     .     g - +1 pair of gloves {Str+3}
MR     .....                    e - +1 pair of boots
Stlth  +.........               (no amulet)
                                (no ring)
                                o - ring of stealth

@: mighty, brilliant, rotting
A: rotting body, claws 1, carnivore 3, cold resistance 1, negative energy
resistance 3, slow regeneration 1, torment resistance, unbreathing
a: Depart the Abyss, Renounce Religion


You were on level 3 of the Dungeon.
You worshipped Lugonu.
Lugonu was aware of your devotion.
You were not hungry.

You visited 1 branch of the dungeon, and saw 3 of its levels.
You visited the Abyss 1 time.

You collected 143 gold pieces.

Inventory:

Hand Weapons
 a - a +1 hand axe (weapon)
Missiles
 n - 7 tomahawks (quivered)
Armour
 b - a +0 scale mail (worn)
 e - a +1 pair of boots (worn)
 g - a +1 pair of gloves of strength (worn)
Jewellery
 o - a ring of stealth (left hand)
Scrolls
 f - 2 scrolls of teleportation
 k - 3 scrolls of identify
 m - a scroll of remove curse
Potions
 d - a potion of cure mutation
Comestibles
 c - 2 meat rations
 h - 2 chunks of flesh
 i - a slice of pizza


   Skills:
 + Level 3.9 Fighting
 + Level 2.6 Axes
 * Level 2.5 Armour
 + Level 1.3 Dodging
 * Level 2.3 Invocations


You had 3 spell levels left.
You didn't know any spells.

Dungeon Overview and Level Annotations

Branches:
Dungeon (3/15)

Altars:
Nemelex Xobeh

Annotations:
D:3 Gitz's ghost, amateur DsBe


Innate Abilities, Weirdness & Mutations

Your body is rotting away.
You thrive on raw meat.
You are immune to poison.
You have sharp fingernails.
You are carnivorous and can eat meat at any time.
Your flesh is cold resistant. (rC+)
You are immune to negative energy. (rN+++)
You regenerate slowly when monsters are visible.
You are immune to unholy pain and torment.
You can survive without breathing.


Message History

Gitz's ghost completely misses you.
You barely miss Gitz's ghost.
Gitz's ghost is severely damaged.
Gitz's ghost closely misses you.
It was a potion of cure mutation.
It has a very clean taste.
Gitz's ghost hits you.
* * * LOW HITPOINT WARNING * * *
It was a potion of lignification.
You feel woody for a moment.
Gitz's ghost hits you but does no damage.
It was a potion of might.
You feel very mighty all of a sudden. Gitz's ghost misses you.
It was a potion of brilliance.
You feel clever all of a sudden. Gitz's ghost hits you.
* * * LOW HITPOINT WARNING * * *
Your scale mail prevents you from hitting Gitz's ghost.
Gitz's ghost is severely damaged.
Gitz's ghost hits you.
You die...

##.# #.#.####.# .#
##'## #........##.#
##...## ....8......
##.....#
#..8.8...#.###.......
#.8._.8..#.##........
#..8.8......+........
#...8....#.##........
#...@W.....###.......
##....)########.....#
##...###..........##
##.## #.######..##
#.# #.# #..#
#.####.######..#
#..........##..##
######.###.##...##
#.###.#.....#


You could see Gitz's ghost.

Vanquished Creatures
  3 adders
  A worm (D:3)
  2 dart slugs
  3 giant cockroaches
  5 goblins
  4 hobgoblins
  6 jackals
  3 quokkas (D:2)
  3 bats
  6 frilled lizards
  4 kobolds (D:2)
  4 rats
44 creatures vanquished.

Notes
Turn   | Place    | Note
-------+----------+-------------------------------------------
     0 | Abyss:1  | Gargoyl the Ghoul Abyssal Knight began the quest for the Orb.
     0 | Abyss:1  | Reached XP level 1. HP: 19/19 MP: 1/1
    70 | Abyss:2  | Found a bloodstained altar of Trog.
    91 | Abyss:2  | Noticed a large abomination
   134 | Abyss:3  | Noticed a tentacled starspawn
   146 | Abyss:3  | Noticed a flying skull
   146 | D:1      | Escaped the Abyss
   216 | D:1      | Reached skill level 1 in Dodging
   319 | D:1      | Reached XP level 2. HP: 26/26 MP: 2/2
   750 | D:2      | Reached XP level 3. HP: 21/33 MP: 3/3
   794 | D:2      | Reached * piety under Lugonu
  1434 | D:2      | Found a sparkling altar of Nemelex Xobeh.
  1445 | D:2      | Reached XP level 4. HP: 40/40 MP: 4/4
  1641 | D:3      | Found a sparkling altar of Nemelex Xobeh.
  1765 | D:3      | Found a faded altar of an unknown god.
  1766 | D:3      | Noticed Gitz's ghost (amateur DsBe)
  1797 | D:3      | Slain by Gitz's ghost

Skill      XL: |  1  2 |
---------------+-------+-----
Dodging        | 1 |  1.3
Axes           | 2 |  2.6
Armour         | 2 |  2.5
Fighting       | |  3.9
Invocations    | |  2.3

Action                   |  1- 3 |  4- 6 || total
-------------------------+-------+-------++-------
Melee: Hand axe          |   124 |    58 ||   182
Invok: Depart the Abyss  |     1 |       ||     1
  Use: Scroll            |     7 |       ||     7
       Potion            |       |     4 ||     4
  Eat: Chunk             |    11 |     6 ||    17
Armor: Scale mail        |    74 |    28 ||   102
       Ring mail         |     1 |       ||     1
Dodge: Dodged            |    81 |    31 ||   112
